 Dungeon Crawl Stone Soup version 0.30-a0-168-g0b976cbdc4 (webtiles) character file.

Game seed: 4267292940949769361

78 Iusername the Covered (level 4, -13/40 HPs)
             Began as a Minotaur Fighter on Sept 29, 2022.
             Killed by nerve-wracking pain
             ... invoked by an orc priest
              (14 damage)
             ... on level 2 of the Dungeon.
             The game lasted 00:01:44 (1486 turns).

Iusername the Covered (Minotaur Fighter)            Turns: 1486, Time: 00:01:45

Health: -13/40     AC: 11    Str: 22    XL:     4   Next: 15%
Magic:  3/3        EV:  6    Int:  5    God:
Gold:   70         SH:  4    Dex: 10    Spells: 3/3 levels left

rFire   . . .      SeeInvis .    a - +0 long sword
rCold   . . .      Faith    .    c - +0 buckler
rNeg    . . .      Spirit   .    h - +0 plate armour
rPois   .          Reflect  .    (helmet restricted)
rElec   .          Harm     .    (no cloak)
rCorr   .          Rampage  .    (no gloves)
Will    .....                    (no boots)
Stlth   ..........               (no amulet)
HPRegen 0.13/turn                (no ring)
MPRegen 0.08/turn                (no ring)

@: mighty
A: horns 2, retaliatory headbutt
a: no special abilities


You were on level 2 of the Dungeon.
You visited 1 branch of the dungeon, and saw 2 of its levels.

You collected 70 gold pieces.

Inventory:

Hand Weapons
 a - a +0 long sword (weapon)
Armour
 c - a +0 buckler (worn)
 h - a +0 plate armour (worn)
Jewellery
 k - a ring of resist corrosion
Scrolls
 e - a scroll of poison {unknown}
 f - 2 scrolls of identify {unknown}
 i - 4 scrolls of teleportation {unknown}
Potions
 b - a potion of mutation {unknown}
 g - a potion of degeneration {unknown}
 j - a potion of heal wounds {unknown}


   Skills:
 + Level 4.2 Fighting
 + Level 3.8 Long Blades
 + Level 4.3 Armour
 + Level 0.3 Dodging
 + Level 4.1 Shields


You had 3 spell levels left.
You didn't know any spells.
Your spell library was empty.

Dungeon Overview and Level Annotations

Branches:
Dungeon (2/15)

Altars:


Innate Abilities, Weirdness & Mutations

You have a pair of horns on your head.
You reflexively headbutt those who attack you in melee.


Message History

You hit the orc.
The orc is lightly wounded.
You block the orc's attack.
There are monsters nearby!
You hit the orc wizard.
The orc wizard is lightly wounded.
The orc hits you with a +0 falchion.
You feel very mighty all of a sudden. The orc hits you with a +0 falchion.
The orc wizard casts a spell at you.
You are confused.
You slash the orc wizard!
You kill the orc wizard!
The orc hits you with a +0 falchion. The orc hits you but does no damage.
The orc barely misses you. The orc priest hits you with a +0 mace.
You have reached level 4!
You feel agile.
You bump into the stone wall.
The orc hits you but does no damage. x2
The orc hits you with a +0 falchion. The orc priest hits you with a +0 mace.
You hit the orc.
The orc is severely wounded.
The orc hits you but does no damage. The orc hits you with a +0 war axe.
The orc hits you but does no damage. The orc priest hits you with a +0 mace.
You bump into the stone wall.
The orc hits you but does no damage. x2
The orc hits you with a +0 war axe. The orc priest hits you with a +0 mace.
* * * LOW HITPOINT WARNING * * *
You barely miss the orc priest.
You feel less confused. The orc hits you with a +0 club.
* * * LOW HITPOINT WARNING * * *
The orc hits you but does no damage. x2
The orc priest calls upon Beogh to heal the orc.
The orc's wounds heal themselves!
You closely miss the orc priest. Your headbutt misses the orc priest.
You block the orc's attack. The orc hits you with a +0 war axe!
* * * LOW HITPOINT WARNING * * *
The orc hits you but does no damage.
The orc priest invokes the aid of Beogh against you.
Pain shoots through your body!
You die...

# #.#+#...#.#
######.......#.##.....#
...............#......
# #######........#.#...
.# .# #........#....
..# ## ##.#.....#...
...# #.#.....#o. ....#
#.#.....#o#...#.#
#)....#.#@o.....#
###.###..oo...... #.#
#####...### #.# .###
#.# # #.. ##


You could see an orc priest and 4 orcs.

Vanquished Creatures
  An orc wizard (D:2)
  2 adders (D:2)
  3 ball pythons (D:1)
  6 endoplasms
  4 giant cockroaches
  3 goblins (D:1)
  2 hobgoblins (D:1)
  2 jackals (D:2)
  3 kobolds
  2 quokkas (D:2)
  A bat (D:1)
  2 frilled lizards
  4 rats
35 creatures vanquished.

Notes
Turn   | Place    | Note
-------+----------+-------------------------------------------
     0 | D:1      | Iusername the Minotaur Fighter began the quest for the Orb.
     0 | D:1      | Reached XP level 1. HP: 19/19 MP: 0/0
   279 | D:1      | Reached XP level 2. HP: 17/27 MP: 1/1
  1219 | D:2      | Reached XP level 3. HP: 28/33 MP: 2/2
  1482 | D:2      | Reached XP level 4. HP: 25/40 MP: 3/3
  1486 | D:2      | HP: 1/40 [orc/+0 war axe (8)]
  1486 | D:2      | Killed from afar by an orc priest

Illustrated notes

Levels and vault maps discovered:
D:1:      shiori_arrival_maze, layout_loops_corners, hangedman_decor_growths,
          bh_walls_and_bars
D:2:      cheibrodos_pilgrimage, layout_basic, uniq_robin

Skill      XL: |  1  2 |
---------------+-------+-----
Armour         | 4 |  4.3
Shields        | 4 |  4.1
Fighting       | 4 |  4.2
Long Blades    | 3 |  3.8
Dodging        | |  0.3

Action                   |  1- 3 |  4- 6 || total
-------------------------+-------+-------++-------
Melee: Long sword        |    76 |     3 ||    79
       Headbutt          |     8 |       ||     8
  Use: Potion            |     1 |       ||     1
Armor: Scale mail        |     8 |       ||     8
       Plate armour      |    39 |     9 ||    48
Dodge: Dodged            |    20 |       ||    20
Block: Buckler           |    10 |     1 ||    11

Table legend: (Time is in decaauts)
 A = Elapsed time spent in this place.
 B = Non-inter-level travel time spent in this place.
 C = Inter-level travel time spent in this place.
 D = Time resting spent in this place.
 E = Time spent auto-exploring this place.
 F = Levels seen in this place.
 G = Mean time per level.
                   A        B        C        D        E       F      G
               +--------+--------+--------+--------+--------+-----+--------+
         Total |   1507 |   1430 |     77 |      0 |   1186 |   2 |  753.5 |
       Dungeon |   1507 |   1430 |     77 |      0 |   1186 |   2 |  753.5 |
               +--------+--------+--------+--------+--------+-----+--------+

Top non-repeatable levels by time:
     D:1: 1219 daAuts
     D:2: 288 daAuts
